SL
PHILADELPHIA 1776 BC @ THUNDER BAY NORTHERN LIONS BC
10/06/2030
 
TOP OF THE 1ST
Philadelphia 1776 BC batting - Pitching for Thunder Bay Northern Lions BC : RHP Santiago López
Pitching: RHP Santiago López
Batting: LHB Tony Vega 0-0: Ground out 6-3 (Groundball, 6)
Batting: RHB Fernando Rivera 0-0: Called Strike
0-1: Ground out 5-3 (Groundball, 56S)
Batting: SHB Sam Quint 0-0: Ball
1-0: Called Strike
1-1: Foul Ball, location: 2F
1-2: Strikes out looking
Top of the 1st over - 0 runs, 0 hits, 0 errors, 0 left on base; Philadelphia 1776 0 - Thunder Bay 0
BOTTOM OF THE 1ST
Thunder Bay Northern Lions BC batting - Pitching for Philadelphia 1776 BC : RHP George Frazier
Pitching: RHP George Frazier
Batting: RHB António Mendoza 0-0: Ball
1-0: Ball
2-0: Called Strike
2-1: Ball
3-1: Called Strike
3-2: Reached on error, E1 (Groundball, 15S)
Batting: RHB Joe Aller 0-0: Ball
1-0: Fly out, F7 (Line Drive, 7S)
Batting: RHB Xavier Pérez 0-0: Called Strike
0-1: Foul Ball, location: 2F
0-2: Ball
1-2: Ball
2-2: Fly out, F8 (Flyball, 8RM)
Batting: RHB Carlos Padilla 0-0: Ball
António Mendoza is caught stealing 2nd base
Bottom of the 1st over - 0 runs, 0 hits, 1 error, 0 left on base; Philadelphia 1776 0 - Thunder Bay 0
TOP OF THE 2ND
Philadelphia 1776 BC batting - Pitching for Thunder Bay Northern Lions BC : RHP Santiago López
Batting: LHB Manoo Satyavrat 0-0: Called Strike
0-1: Foul Ball, location: 2F
0-2: Ball
1-2: Foul Ball, location: 2F
1-2: Ball
2-2: Strikes out swinging
Batting: RHB Kevin Malone 0-0: SINGLE (Groundball, 34) (infield hit)
Batting: LHB Chase Popoff Balk!
Kevin Malone to second
0-0: Called Strike
0-1: Fly out, F9 (Flyball, 9S)
Batting: LHB Cliff Aldridge 0-0: Ball
1-0: Called Strike
1-1: Ball
2-1: Foul Ball, location: 2F
2-2: Foul Ball, location: 2F
2-2: 2-RUN HOME RUN (Flyball, 9LD), Distance : 351 ft
Batting: RHB Kent Summey 0-0: Called Strike
0-1: Swinging Strike
0-2: Foul Ball, location: 2F
0-2: Ball
1-2: Ball
2-2: Strikes out swinging
Top of the 2nd over - 2 runs, 2 hits, 0 errors, 0 left on base; Philadelphia 1776 2 - Thunder Bay 0
BOTTOM OF THE 2ND
Thunder Bay Northern Lions BC batting - Pitching for Philadelphia 1776 BC : RHP George Frazier
Batting: RHB Carlos Padilla 0-0: Foul Ball, location: 2F
0-1: Ball
1-1: Ball
2-1: Ground out 4-3 (Groundball, 4)
Batting: RHB Denis Higgins 0-0: Called Strike
0-1: Ball
1-1: Ball
2-1: Foul Ball, location: 2F
2-2: Ball
3-2: Base on Balls
Batting: LHB Gilberto Jiménez 0-0: Foul Ball, location: 2F
0-1: Ball
1-1: Ball
2-1: Fly out, F7 (Flyball, 7LD)
Batting: RHB Rafael Pueblo 0-0: Called Strike
0-1: Ball
1-1: Swinging Strike
1-2: Ball
Wild Pitch!
Denis Higgins to second
2-2: Ball
3-2: Strikes out looking
Bottom of the 2nd over - 0 runs, 0 hits, 0 errors, 1 left on base; Philadelphia 1776 2 - Thunder Bay 0
TOP OF THE 3RD
Philadelphia 1776 BC batting - Pitching for Thunder Bay Northern Lions BC : RHP Santiago López
Batting: LHB Jeff Rutherford 0-0: Called Strike
0-1: Ball
1-1: Ball
2-1: Ball
3-1: Foul Ball, location: 2F
3-2: Ground out 4-3 (Groundball, 4)
Batting: LHB Tony Vega 0-0: Ball
1-0: Ball
2-0: Swinging Strike
2-1: Called Strike
2-2: Foul Ball, location: 2F
2-2: Ball
3-2: Base on Balls
Batting: RHB Fernando Rivera 0-0: Ball
1-0: Called Strike
1-1: Swinging Strike
1-2: Foul Ball, location: 2F
1-2: Strikes out swinging
Batting: SHB Sam Quint 0-0: Ball
1-0: Foul Ball, location: 2F
1-1: Ball
2-1: Ball
3-1: Swinging Strike
3-2: SINGLE (Line Drive, 4D)
Tony Vega to second
Tony Vega to third
Batting: LHB Manoo Satyavrat 0-0: Swinging Strike
0-1: Ball
1-1: Ball
2-1: Foul Ball, location: 2F
2-2: Fly out, F8 (Flyball, 8RD)
Top of the 3rd over - 0 runs, 1 hit, 0 errors, 2 left on base; Philadelphia 1776 2 - Thunder Bay 0
BOTTOM OF THE 3RD
Thunder Bay Northern Lions BC batting - Pitching for Philadelphia 1776 BC : RHP George Frazier
Batting: RHB Showander Descarte 0-0: Ball
1-0: Called Strike
1-1: Fly out, F7 (Flyball, 78D)
Batting: RHB Zelmar Barajas 0-0: Swinging Strike
0-1: Ball
1-1: Swinging Strike
1-2: Foul Ball, location: 2F
1-2: Strikes out swinging
Batting: RHB António Mendoza 0-0: Ball
1-0: Called Strike
1-1: Ball
2-1: Called Strike
2-2: Fly out, F8 (Flyball, 8RS)
Bottom of the 3rd over - 0 runs, 0 hits, 0 errors, 0 left on base; Philadelphia 1776 2 - Thunder Bay 0
TOP OF THE 4TH
Philadelphia 1776 BC batting - Pitching for Thunder Bay Northern Lions BC : RHP Santiago López
Batting: RHB Kevin Malone 0-0: Called Strike
0-1: SOLO HOME RUN (Line Drive, 7D), Distance : 403 ft
Batting: LHB Chase Popoff 0-0: Foul Ball, location: 2F
0-1: Ground out 5-3 (Groundball, 56)
Batting: LHB Cliff Aldridge 0-0: Ball
1-0: Swinging Strike
1-1: Called Strike
1-2: Ball
2-2: Foul Ball, location: 2F
2-2: Ground out 6-3 (Groundball, 6S)
Batting: RHB Kent Summey 0-0: Swinging Strike
0-1: Ball
1-1: Ball
2-1: Swinging Strike
2-2: Strikes out swinging
Top of the 4th over - 1 run, 1 hit, 0 errors, 0 left on base; Philadelphia 1776 3 - Thunder Bay 0
BOTTOM OF THE 4TH
Thunder Bay Northern Lions BC batting - Pitching for Philadelphia 1776 BC : RHP George Frazier
Batting: RHB Joe Aller 0-0: Called Strike
0-1: SINGLE (Line Drive, 89M)
Batting: RHB Xavier Pérez 0-0: Called Strike
0-1: Fly out, F8 (Flyball, 8LM)
Batting: RHB Carlos Padilla 0-0: Ball
Throwing error on steal attempt, E2
Joe Aller to third
1-0: Ball
2-0: Ball
3-0: Base on Balls
Batting: RHB Denis Higgins 0-0: Called Strike
0-1: Ball
1-1: Foul Ball, location: 2F
1-2: Foul Ball, location: 2F
1-2: Strikes out swinging
Batting: LHB Gilberto Jiménez 0-0: Called Strike
0-1: Swinging Strike
0-2: Fly out, F6 (Popup, P)
Bottom of the 4th over - 0 runs, 1 hit, 1 error, 2 left on base; Philadelphia 1776 3 - Thunder Bay 0
TOP OF THE 5TH
Philadelphia 1776 BC batting - Pitching for Thunder Bay Northern Lions BC : RHP Santiago López
Batting: LHB Jeff Rutherford 0-0: Called Strike
0-1: Ball
1-1: Ball
2-1: Called Strike
2-2: Foul Ball, location: 2F
2-2: Ball
3-2: Base on Balls
Pitching: LHP Seung-hyeon So
Batting: LHB Tony Vega 0-0: Ball
1-0: Called Strike
1-1: Ball
2-1: Foul Ball, location: 2F
2-2: Foul Ball, location: 2F
2-2: Foul Ball, location: 2F
2-2: SINGLE (Line Drive, 56)
Jeff Rutherford to second
Batting: RHB Fernando Rivera 0-0: Called Strike
0-1: Fly out, F7 (Flyball, 7S)
Batting: SHB Sam Quint 0-0: Foul Ball, location: 2F
0-1: Ball
1-1: Foul Ball, location: 2F
1-2: Ball
2-2: Foul Ball, location: 2F
2-2: Fly out, F9 (Line Drive, 89M)
Batting: LHB Manoo Satyavrat 0-0: Ball
1-0: Ball
2-0: Foul Ball, location: 2F
2-1: Swinging Strike
2-2: Foul Ball, location: 2F
2-2: Foul Ball, location: 2F
2-2: Foul Ball, location: 2F
2-2: Fly out, F1 (Line Drive, 15S)
Top of the 5th over - 0 runs, 1 hit, 0 errors, 2 left on base; Philadelphia 1776 3 - Thunder Bay 0
BOTTOM OF THE 5TH
Thunder Bay Northern Lions BC batting - Pitching for Philadelphia 1776 BC : RHP George Frazier
Batting: RHB Rafael Pueblo 0-0: Ball
1-0: Ground out 6-3 (Groundball, 6)
Batting: RHB Showander Descarte 0-0: Ball
1-0: Ground out 1-3 (Groundball, 15S)
Batting: RHB Zelmar Barajas 0-0: Fly out, F9 (Flyball, 89M)
Bottom of the 5th over - 0 runs, 0 hits, 0 errors, 0 left on base; Philadelphia 1776 3 - Thunder Bay 0
TOP OF THE 6TH
Philadelphia 1776 BC batting - Pitching for Thunder Bay Northern Lions BC : LHP Seung-hyeon So
Batting: RHB Kevin Malone 0-0: Called Strike
0-1: Foul Ball, location: 2F
0-2: Foul Ball, location: 2F
0-2: Ball
1-2: Ball
2-2: TRIPLE (Flyball, 7D)
Batting: LHB Chase Popoff 0-0: Called Strike
0-1: Ball
1-1: Ground out U3 (Groundball, 34S)
Batting: LHB Cliff Aldridge 0-0: Ball
1-0: Foul Ball, location: 2F
1-1: Ball
2-1: Foul Ball, location: 2F
2-2: Strikes out swinging
Batting: RHB Kent Summey 0-0: Ball
1-0: Swinging Strike
1-1: Ball
2-1: 2-RUN HOME RUN (Flyball, 9LD), Distance : 337 ft
Batting: LHB Jeff Rutherford 0-0: Foul Ball, location: 2F
0-1: Ball
1-1: Called Strike
1-2: Ball
2-2: Ball
3-2: Strikes out swinging
Top of the 6th over - 2 runs, 2 hits, 0 errors, 0 left on base; Philadelphia 1776 5 - Thunder Bay 0
BOTTOM OF THE 6TH
Thunder Bay Northern Lions BC batting - Pitching for Philadelphia 1776 BC : RHP George Frazier
Batting: RHB António Mendoza 0-0: Ball
1-0: Foul Ball, location: 2F
1-1: Ground out 6-3 (Groundball, 6)
Batting: RHB Joe Aller 0-0: Foul Ball, location: 2F
0-1: Called Strike
0-2: Ground out 6-3 (Groundball, 6S)
Batting: RHB Xavier Pérez 0-0: Ball
1-0: Fly out, F8 (Flyball, 8RM)
Bottom of the 6th over - 0 runs, 0 hits, 0 errors, 0 left on base; Philadelphia 1776 5 - Thunder Bay 0
TOP OF THE 7TH
Philadelphia 1776 BC batting - Pitching for Thunder Bay Northern Lions BC : LHP Seung-hyeon So
Batting: LHB Tony Vega 0-0: Called Strike
0-1: Ball
1-1: Called Strike
1-2: Ground out 6-3 (Groundball, 6)
Batting: RHB Fernando Rivera 0-0: Called Strike
0-1: Called Strike
0-2: Ball
1-2: Foul Ball, location: 2F
1-2: Fly out, F7 (Flyball, 78S)
Batting: SHB Sam Quint 0-0: Foul Ball, location: 2F
0-1: Ball
1-1: Ball
2-1: Ball
3-1: Base on Balls
Pitching: RHP Jamel Rhoads
Batting: LHB Manoo Satyavrat 0-0: Ball
1-0: Ball
2-0: Ball
3-0: Base on Balls
Sam Quint to second
Batting: RHB Kevin Malone 0-0: Fielders Choice at 2nd, 5-4 (Groundball, 5)
Top of the 7th over - 0 runs, 0 hits, 0 errors, 2 left on base; Philadelphia 1776 5 - Thunder Bay 0
BOTTOM OF THE 7TH
Thunder Bay Northern Lions BC batting - Pitching for Philadelphia 1776 BC : RHP George Frazier
Batting: RHB Carlos Padilla 0-0: Called Strike
0-1: Ball
1-1: Ball
2-1: Foul Ball, location: 2F
2-2: Foul Ball, location: 2F
2-2: Ball
3-2: Foul Ball, location: 2F
3-2: Base on Balls
Batting: RHB Denis Higgins 0-0: Called Strike
0-1: Ball
1-1: SINGLE (Flyball, 78S)
Carlos Padilla to second
Batting: LHB Gilberto Jiménez 0-0: Grounds into double play, 4-6-3 (Groundball, 4MD)
Carlos Padilla to third
Batting: RHB Rafael Pueblo 0-0: Called Strike
0-1: SINGLE (Groundball, 6MD)
Carlos Padilla scores
Batting: RHB Showander Descarte 0-0: Called Strike
0-1: Reached on error, E2 (Groundball, 2R)
Rafael Pueblo to second
Batting: RHB Zelmar Barajas 0-0: Ball
1-0: Foul Ball, location: 2F
1-1: Swinging Strike
1-2: DOUBLE (Line Drive, 89D)
Rafael Pueblo scores
Showander Descarte to third
Runner from 3rd tries for Home, SAFE, no throw
Pitching: RHP António Rodríguez
Batting: RHB António Mendoza 0-0: Ball
1-0: Ball
2-0: Ball
3-0: Base on Balls
Batting: RHB Joe Aller 0-0: Called Strike
0-1: Ground out 5-3 (Groundball, 56S)
Bottom of the 7th over - 3 runs, 3 hits, 1 error, 2 left on base; Philadelphia 1776 5 - Thunder Bay 3
TOP OF THE 8TH
Philadelphia 1776 BC batting - Pitching for Thunder Bay Northern Lions BC : RHP Jamel Rhoads
Batting: LHB Chase Popoff 0-0: Called Strike
0-1: Ball
1-1: Foul Ball, location: 2F
1-2: Ball
2-2: Fly out, F8 (Flyball, 8RS)
Batting: LHB Cliff Aldridge 0-0: Called Strike
0-1: Foul Ball, location: 2F
0-2: Ball
1-2: Ball
2-2: Ground out 4-3 (Groundball, 4)
Batting: RHB Kent Summey 0-0: Ball
1-0: Ball
2-0: Ball
3-0: Called Strike
3-1: Base on Balls
Batting: LHB Jeff Rutherford 0-0: SINGLE (Groundball, 56D)
Kent Summey to second
Batting: LHB Tony Vega 0-0: Swinging Strike
0-1: Ball
1-1: Foul Ball, location: 2F
1-2: Strikes out swinging
Top of the 8th over - 0 runs, 1 hit, 0 errors, 2 left on base; Philadelphia 1776 5 - Thunder Bay 3
BOTTOM OF THE 8TH
Thunder Bay Northern Lions BC batting - Pitching for Philadelphia 1776 BC : RHP António Rodríguez
Batting: RHB Xavier Pérez 0-0: Called Strike
0-1: Foul Ball, location: 2F
0-2: Ball
1-2: SOLO HOME RUN (Line Drive, 78XD), Distance : 439 ft
Batting: RHB Carlos Padilla 0-0: SINGLE (Flyball, 89S)
Batting: RHB Denis Higgins 0-0: Called Strike
0-1: Ball
1-1: Called Strike
1-2: Ball
2-2: Grounds into double play, 4-6-3 (Groundball, 4)
Batting: LHB Gilberto Jiménez 0-0: Called Strike
0-1: Foul Ball, location: 2F
0-2: Fly out, F8 (Flyball, 8RD)
Bottom of the 8th over - 1 run, 2 hits, 0 errors, 0 left on base; Philadelphia 1776 5 - Thunder Bay 4
TOP OF THE 9TH
Philadelphia 1776 BC batting - Pitching for Thunder Bay Northern Lions BC : RHP Jamel Rhoads
Pitching: RHP Rafael Cardona
Batting: RHB Fernando Rivera 0-0: Ball
1-0: Swinging Strike
1-1: Foul Ball, location: 2F
1-2: SOLO HOME RUN (Flyball, 78XD), Distance : 427 ft
Batting: SHB Sam Quint 0-0: Foul Ball, location: 2F
0-1: Ball
1-1: Swinging Strike
1-2: Fly out, F8 (Flyball, 8LS)
Batting: LHB Manoo Satyavrat 0-0: Ball
1-0: Ball
2-0: Ball
3-0: Called Strike
3-1: Fly out, F7 (Flyball, 7)
Batting: RHB Kevin Malone 0-0: Foul Ball, location: 2F
0-1: Called Strike
0-2: Ground out 5-3 (Groundball, 56S)
Top of the 9th over - 1 run, 1 hit, 0 errors, 0 left on base; Philadelphia 1776 6 - Thunder Bay 4
BOTTOM OF THE 9TH
Thunder Bay Northern Lions BC batting - Pitching for Philadelphia 1776 BC : RHP António Rodríguez
Pitching: RHP Carlos Ramos
Batting: RHB Rafael Pueblo 0-0: Called Strike
0-1: Fly out, F7 (Flyball, 7)
Batting: RHB Showander Descarte 0-0: Ball
1-0: Foul Ball, location: 2F
1-1: Swinging Strike
1-2: Strikes out swinging
Batting: RHB Zelmar Barajas 0-0: Ball
1-0: Called Strike
1-1: Swinging Strike
1-2: Strikes out looking
Bottom of the 9th over - 0 runs, 0 hits, 0 errors, 0 left on base; Philadelphia 1776 6 - Thunder Bay 4
Sunday, March 18th, 2018 - OOTP Baseball 18.8 Build 76